 Dungeon Crawl Stone Soup version 0.23.1 (webtiles) character file.

Game seed: 9881576064377718133

116904 Norn the Spry (level 17, -2/127 HPs)
             Began as a Halfling Hunter on Mar 15, 2019.
             Was the Champion of Okawaru.
             Slain by a salamander
             ... wielding a +0 glaive
              (13 damage)
             ... on level 1 of the Snake Pit.
             The game lasted 01:24:55 (34836 turns).

Norn the Spry (Halfling Hunter)                    Turns: 34836, Time: 01:24:56

Health: -2/127     AC: 13    Str: 15    XL:     17   Next: 27%
Magic:  0/17       EV: 28    Int: 14    God:    Okawaru [******]
Gold:   2501       SH:  9    Dex: 17    Spells: 16/16 levels left

rFire    . . .     SeeInvis +   a - +3 fustibalus (freeze)
rCold    . . .     Gourm    .   w - +2 buckler of Vlad {rElec Str+2}
rNeg     . . .     Faith    +   H - +2 ring mail {rPois}
rPois    .         Spirit   +   p - +2 hat
rElec    +         Reflect  .   J - scarf {Spirit}
rCorr    .         Harm     .   o - +2 pair of gloves
MR       +....                  N - +0 pair of boots
Stlth    +.........             i - amulet of faith {!P}
HPRegen  0.31/turn              R - +2 ring of evasion
MPRegen  0.15/turn              z - ring of see invisible

@: poison vulnerable
A: small, mutation resistance 1
a: Heroism, Finesse, Renounce Religion


You were on level 1 of the Snake Pit.
You worshipped Okawaru.
Okawaru was exalted by your worship.
You were hungry.

You visited 5 branches of the dungeon, and saw 25 of its levels.

You collected 3161 gold pieces.
You spent 660 gold pieces at shops.

Inventory:

Hand Weapons
 a - a +3 fustibalus of freezing (weapon)
   (Okawaru gifted it to you on level 1 of the Lair of Beasts)
 b - a +1 scimitar of flaming
   (You took it off an efreet on level 14 of the Dungeon)
Missiles
 g - 544 stones
 n - 6 curare-tipped needles {!f}
 q - 5 throwing nets {!f}
 y - 88 poisoned needles
 Z - 72 sling bullets (quivered)
Armour
 h - the +2 leather armour of the Earth {MR+ Int+4}
   (You found it on level 5 of the Lair of Beasts)

   It affects your intelligence (+4).
   It affects your resistance to hostile enchantments.
 o - a +2 pair of gloves (worn)
   (You found it on level 4 of the Dungeon)
 p - a +2 hat (worn)
   (You found it on level 3 of the Dungeon)
 w - the +2 buckler of Vlad (worn) {rElec Str+2}
   (Okawaru gifted it to you on level 6 of the Lair of Beasts)

   It affects your strength (+2).
   It insulates you from electricity.
 A - a scarf of cloud immunity
   (Okawaru gifted it to you on level 11 of the Dungeon)
 B - a +1 shield of protection
   (Okawaru gifted it to you on level 13 of the Dungeon)
 C - a +0 shield of reflection
   (You took it off Donald on level 1 of the Snake Pit)
 E - the +5 ring mail of the Evil One {-Cast MP+9 Slay+5}
   (You found it on level 4 of the Lair of Beasts)

   It affects your accuracy and damage with ranged weapons and melee attacks
   (+5).
   It affects your magic capacity (+9).
   It prevents spellcasting.
 F - a +5 ring mail of fire resistance
   (You took it off Harold on level 9 of the Dungeon)
 H - a +2 ring mail of poison resistance (worn)
   (You found it on level 9 of the Dungeon)
 J - a scarf of spirit shield (worn)
   (Okawaru gifted it to you on level 3 of the Lair of Beasts)
 N - a +0 pair of boots (worn)
   (You found it on level 2 of the Lair of Beasts)
 Y - the +6 scale mail "Diuviguidd" {rElec rCorr Str-2}
   (Okawaru gifted it to you on level 4 of the Lair of Beasts)

   It affects your strength (-2).
   It insulates you from electricity.
   It provides partial protection from all sources of acid and corrosion.
Jewellery
 i - an amulet of faith (around neck) {!P}
   (You bought it in a shop on level 8 of the Dungeon)
 k - an uncursed amulet of magic regeneration {unknown}
   (You found it on level 14 of the Dungeon)
 z - a ring of see invisible (right hand)
   (You bought it in a shop on level 8 of the Dungeon)
 D - the ring "Xefur" {rC+++ Str-5 Dex+5}
   (You found it on level 11 of the Dungeon)

   [ring of dexterity]

   It affects your strength (-5).
   It affects your dexterity (+5).
   It renders you almost immune to cold.
 R - a +2 ring of evasion (left hand)
   (You found it on level 2 of the Lair of Beasts)
 S - an uncursed ring of fire
   (You found it on level 2 of the Lair of Beasts)
 T - an uncursed amulet of magic regeneration {unknown}
   (You found it on level 13 of the Dungeon)
 V - a +5 ring of dexterity
   (You found it on level 4 of the Lair of Beasts)
 X - an uncursed amulet of harm {unknown}
   (You found it on level 4 of the Lair of Beasts)
Wands
 d - a wand of iceblast (11)
   (You took it off Urug on level 4 of the Lair of Beasts)
 u - a wand of paralysis (6)
   (You found it on level 8 of the Dungeon)
 v - a wand of digging (5)
   (You found it on level 11 of the Dungeon)
 x - a wand of acid (11)
   (You found it on level 8 of the Dungeon)
Scrolls
 c - 4 scrolls of magic mapping
 f - 5 scrolls of teleportation {@r4}
 r - 5 scrolls of enchant weapon
 t - 5 scrolls of amnesia
 I - 2 scrolls of immolation {!r}
 L - 7 scrolls of remove curse {@r2}
 Q - 5 scrolls of enchant armour
Potions
 j - 2 potions of curing {@q1}
 l - 5 potions of might
 m - 5 potions of haste {@q3}
 s - 6 potions of lignification {!q}
 G - a potion of mutation {unknown}
 K - a potion of agility
 M - 3 potions of cancellation
 P - a potion of berserk rage {unknown}
 U - 5 potions of brilliance
 W - a potion of flight {unknown}
Comestibles
 e - 35 rations {!d}


   Skills:
 + Level 15.3 Fighting
 + Level 13.2 Long Blades
 - Level 14.0 Slings
 + Level 17.7 Dodging
 - Level 1.1 Stealth
 - Level 5.8 Shields


You had 16 spell levels left.
You didn't know any spells.
Your spell library contained the following spells:

 Spells                   Type           Power        Failure   Level  Hunger
 Animate Skeleton         Necr           N/A          50%         1    ##.....
 Apportation              Tloc           #.....       50%         1    ##.....
 Beastly Appendage        Tmut           #.....       50%         1    ##.....
 Confusing Touch          Hex            #.....       50%         1    ##.....
 Pain                     Necr           #...         50%         1    ##.....
 Sandblast                Erth           #.....       50%         1    ##.....
 Summon Small Mammal      Summ           #...         50%         1    ##.....
 Blink                    Tloc           N/A          65%         2    ###....
 Passwall                 Tmut/Erth      #.......     65%         2    ###....
 Shroud of Golubria       Chrm/Tloc      #.........   65%         2    ###....
 Sticks to Snakes         Tmut           #.......     65%         2    ###....
 Gell's Gravitas          Tloc           #.........   86%         3    ####...
 Lesser Beckoning         Tloc           #.........   86%         3    ####...
 Recall                   Summ/Tloc      N/A          86%         3    ####...
 Regeneration             Chrm/Necr      #.........   86%         3    ####...
 Spider Form              Tmut/Pois      #.........   86%         3    ####...
 Stone Arrow              Conj/Erth      #.....       86%         3    ####...
 Teleport Other           Tloc           #.......     86%         3    ####...
 Vampiric Draining        Necr           #.........   86%         3    ####...
 Animate Dead             Necr           N/A          99%         4    #####..
 Cause Fear               Hex            #.........   99%         4    #####..
 Ice Form                 Ice/Tmut       #.......     99%         4    #####..
 Passage of Golubria      Tloc           N/A          99%         4    #####..
 Petrify                  Tmut/Erth      #.......     99%         4    #####..
 Blade Hands              Tmut           #.........   100%        5    ######.
 Bolt of Magma            Conj/Fire/Erth #.........   100%        5    ######.
 Borgnjor's Vile Clutch   Necr/Erth      #.........   100%        5    ######.
 Iskenderun's Battlesphe  Conj/Chrm      #.......     100%        5    ######.
 Lee's Rapid Deconstruct  Erth           #.........   100%        5    ######.
 Silence                  Hex/Air        #.........   100%        5    ######.
 Venom Bolt               Conj/Pois      #.........   100%        5    ######.
 Yara's Violent Unravell  Hex/Tmut       #.........   100%        5    ######.
 Death Channel            Necr           #.........   100%        6    #######
 Deflect Missiles         Chrm/Air       #.........   100%        6    #######
 Iron Shot                Conj/Erth      #.........   100%        6    #######
 Simulacrum               Ice/Necr       #.........   100%        6    #######
 Orb of Destruction       Conj           #.........   100%        7    #######
 Spellforged Servitor     Conj/Summ      #.........   100%        7    #######
 Discord                  Hex            #.........   100%        8    #######


Dungeon Overview and Level Annotations

Branches:
Dungeon (15/15)            Temple (1/1) D:5            Lair (6/6) D:10
 Shoals (0/4) Lair:2        Snake (1/4) Lair:3        Slime (0/5) Lair:5
    Orc (2/2) D:9             Elf (0/3) Orc:2        Vaults (0/5) D:13
 Depths (0/5) D:15

Altars:
Ashenzari
Cheibriados
Dithmenos
Elyvilon
Fedhas
Gozag
Hepliaklqana
Kikubaaqudgha
Makhleb
Nemelex Xobeh
Okawaru
Qazlal
Ru
Sif Muna
Trog
Uskayaw
Vehumet
Wu Jian
Xom
Yredelemnul
Zin
The Shining One
Beogh
Jiyva

Shops:
D:7 !   D:8 =   Orc:2 *!%:

Annotations:
Lair:5 exclusion: 2 oklob plants
Lair:6 3 runed translucent doors, MolotovDodgeball's ghost, journeyman TrAs


Innate Abilities, Weirdness & Mutations

You are small and have problems with some larger weapons.
You are somewhat resistant to further mutation.


Message History

Aim: a naga sharpshooter, wielding a +0 arbalest (lightly wounded, catching its breath)
You shoot a sling bullet.
The sling bullet hits the naga sharpshooter!!
The sling bullet freezes the naga sharpshooter.
You feel very sick.
A salamander comes into view. It is wielding a +0 halberd.
Firing (i - inventory. (/) - cycle)
Z - 77 sling bullets (quivered)
Aim: a salamander mystic, wielding a +0 quarterstaff and wearing a +0 robe (almost dead)
You shoot a sling bullet.
The sling bullet hits the salamander mystic!
The sling bullet freezes the salamander mystic.
You kill the salamander mystic!
Okawaru accepts your kill.
You feel sick.
Firing (i - inventory. (/) - cycle)
Z - 76 sling bullets (quivered)
Aim: a salamander, wielding a +0 halberd You shoot a sling bullet.
The sling bullet hits the salamander.
The sling bullet freezes the salamander.
You feel sick.
You feel very sick. You block the salamander's attack.
Firing (i - inventory. (/) - cycle)
Z - 75 sling bullets (quivered)
Aim: a salamander, wielding a +0 halberd (lightly wounded)
You shoot a sling bullet. The sling bullet hits the salamander!
The sling bullet freezes the salamander.
You feel sick. You block the salamander's attack.
You feel sick.
The naga sharpshooter shoots a bolt.
The bolt hits you.
* * * LOW HITPOINT WARNING * * *
Firing (i - inventory. (/) - cycle)
Z - 74 sling bullets (quivered)
Aim: a salamander, wielding a +0 halberd (moderately wounded)
You shoot a sling bullet. The sling bullet hits the salamander.
The sling bullet freezes the salamander.
You feel sick.
A salamander comes into view. It is wielding a +0 glaive.
The salamander hits you but does no damage.
The naga sharpshooter shoots a bolt.
You block the bolt.
Firing (i - inventory. (/) - cycle)
Z - 73 sling bullets (quivered)
Aim: a salamander, wielding a +0 halberd (moderately wounded)
You shoot a sling bullet. The sling bullet hits the salamander!
The sling bullet freezes the salamander.
You feel sick. The salamander completely misses you.
The salamander hits you with a +0 halberd!!
* * * LOW HITPOINT WARNING * * *
You are engulfed in flames!
* * * LOW HITPOINT WARNING * * *
Okay, then.
You feel better.
The naga sharpshooter shoots a bolt.
The bolt closely misses you.
The salamander hits you from afar with a +0 glaive!
You die...

#.....###
########)....N#
.....).....##.##
##########)##..## #
##†###..# #########..#
##.### #..........#
#..N#
#..........######N#####
#..........##...@N....#
#..........##.........#
....)......##.((......#
...........######.#####
#..........# #.#
.)........^# #.#
...........# #.#
#..........# #.#
####>..##### #.#


You could see a naga sharpshooter and 2 salamanders.

Vanquished Creatures
  Donald (Snake:1)
  An orc warlord (Orc:2)
  A stone giant (Orc:1)
  Snorg (Lair:4)
  A fire dragon (Lair:6)
  2 ogre magi
  7 hydras
  Harold (D:9)
  5 naga warriors
  3 anacondas (Snake:1)
  4 centaur warriors
  12 two-headed ogres
  Urug (Lair:4)
  3 shock serpents (Snake:1)
  A shock serpent (shapeshifter) (D:15)
  4 skeletal warriors
  A salamander mystic (Snake:1)
  2 deep trolls
  2 unseen horrors
  A wizard (D:11)
  A glowing orange brain (D:15)
  2 unseen horrors (shapeshifter)
  A lindwurm (Lair:6)
  A necromancer (D:13)
  3 naga ritualists
  5 orc knights
  2 mana vipers
  4 cyclopes
  3 manticores
  A salamander (Snake:1)
  25 ugly things
  2 deep elf magi
  17 elephants
  19 black mambas
  A guardian serpent (Snake:1)
  6 torpor snails (Lair:6)
  4 spiny frogs
  A gargoyle (D:12)
  A freezing wraith (D:15)
  2 rime drakes
  An efreet (D:14)
  4 komodo dragons
  3 meliai (D:14)
  6 hornets (Lair:6)
  12 trolls
  4 tyrant leeches (Lair:6)
  9 polar bears (Lair:6)
  A raiju (Lair:6)
  14 blink frogs
  10 slime creatures
  9 hippogriffs
  A vampire (D:13)
  A water elemental (D:12)
  A human (D:7)
  3 shadows (D:14)
  2 basilisks
  9 wyverns
  3 hungry ghosts
  2 wraiths
  3 hogs (D:7)
  9 yaks
  A fire elemental (Lair:3)
  A steam dragon (D:12)
  4 vampire mosquitoes (D:12)
  8 wargs
  12 nagas
  3 acid dragons (D:15)
  A swamp worm (shapeshifter) (D:15)
  12 water moccasins
  14 hell hounds (Lair:6)
  5 porcupines
  3 ice beasts
  29 orc warriors
  An ice beast (shapeshifter) (D:15)
  3 sky beasts
  29 ogres
  14 black bears
  3 eyes of draining
  18 wolves
  A necrophage (D:9)
  3 phantoms
  22 centaurs
  12 crocodiles
  A big kobold (D:14)
  2 gnoll sergeants
  20 bullfrogs
  A wyvern zombie (D:12)
  7 scorpions
  3 electric eels (D:12)
  6 howler monkeys
  9 crimson imps
  2 centaur zombies
  A quasit (D:13)
  4 bullfrog zombies
  5 jellies
  9 centaur skeletons
  4 hounds
  A bullfrog skeleton (D:6)
  12 orc priests
  23 orc wizards
  3 iguanas
  5 worker ants
  A hound skeleton (D:6)
  2 howler monkey zombies
  2 worker ant zombies
  6 gnolls
  8 adders
  A river rat (Lair:1)
  2 shadow imps (D:9)
  12 white imps
  2 oozes
  2 adder zombies
  A dart slug (D:1)
  2 worms (D:3)
  8 leopard geckos
  93 orcs
  2 ball pythons
  7 bats
  5 giant cockroaches
  8 goblins
  4 hobgoblins
  12 jackals
  9 kobolds
  6 quokkas
  5 frilled lizards
  A leopard gecko skeleton (D:5)
  12 rats
  3 plants
795 creatures vanquished.

Vanquished Creatures (others)
  A polar bear (Lair:6)
  A quokka (D:5)
  5 fungi
  16 plants (Lair:6)
23 creatures vanquished.

Grand Total: 818 creatures vanquished

Notes
Turn   | Place    | Note
-------+----------+-------------------------------------------
     0 | D:1      | Norn the Halfling Hunter began the quest for the Orb.
     0 | D:1      | Reached XP level 1. HP: 14/14 MP: 1/1
    69 | D:1      | Reached XP level 2. HP: 19/19 MP: 2/2
   341 | D:1      | Reached XP level 3. HP: 24/24 MP: 3/3
   707 | D:2      | Reached XP level 4. HP: 30/30 MP: 4/4
   787 | D:2      | Found an ancient bone altar of Kikubaaqudgha.
  1557 | D:3      | Reached skill level 3 in Dodging
  1888 | D:3      | Reached XP level 5. HP: 35/35 MP: 5/5
  2010 | D:3      | Found a stormy altar of Qazlal.
  2288 | D:4      | Found a hide-covered altar of Uskayaw.
  2307 | D:4      | Found a hazy altar of Hepliaklqana.
  2624 | D:4      | You fall through a shaft for 2 floors!
  2632 | D:5      | Entered Level 5 of the Dungeon
  2650 | D:5      | Reached XP level 6. HP: 32/42 MP: 6/6
  2721 | D:5      | Found a white marble altar of Elyvilon.
  4043 | D:5      | Reached skill level 4 in Dodging
  4088 | D:5      | Found a staircase to the Ecumenical Temple.
  4097 | Temple   | Entered the Ecumenical Temple
  4172 | Temple   | Became a worshipper of Warmaster Okawaru
  4525 | D:5      | Reached XP level 7. HP: 29/46 MP: 7/7
  5423 | D:6      | Found a deep blue altar of Sif Muna.
  5462 | D:6      | Reached * piety under Okawaru
  5462 | D:6      | Reached skill level 10 in Slings
  5462 | D:6      | Reached XP level 8. HP: 51/54 MP: 8/8
  5660 | D:7      | Reached skill level 5 in Dodging
  5688 | D:7      | Found Nocab's Distillery.
  6427 | D:7      | Noticed a hog
  6427 | D:7      | Noticed a human
  6427 | D:7      | Noticed a yak
  6427 | D:7      | Noticed a hog
  6427 | D:7      | Noticed a hog
  6445 | D:7      | Killed a hog
  6445 | D:7      | Reached ** piety under Okawaru
  6461 | D:7      | Killed a yak
  6461 | D:7      | Reached skill level 5 in Fighting
  6461 | D:7      | Reached skill level 6 in Dodging
  6461 | D:7      | Reached XP level 9. HP: 40/61 MP: 9/9
  6801 | D:8      | Found Kurroff's Jewellery Emporium.
  6856 | D:8      | Reached skill level 1 in Shields
  6965 | D:8      | Reached skill level 7 in Dodging
  7004 | D:8      | Reached *** piety under Okawaru
  7474 | D:8      | Found a burning altar of Makhleb.
  7475 | D:8      | Found a shadowy altar of Dithmenos.
  8022 | D:8      | Reached XP level 10. HP: 51/68 MP: 10/10
  8405 | D:9      | Reached skill level 5 in Shields
  8507 | D:9      | Reached skill level 8 in Dodging
  8520 | D:9      | Found a staircase to the Orcish Mines.
  8541 | D:9      | Noticed Harold
  8558 | D:9      | Killed Harold
  8558 | D:9      | Reached **** piety under Okawaru
  8558 | D:9      | Received a gift from Okawaru
  8833 | D:9      | Noticed a four-headed hydra
  8851 | D:9      | Killed a four-headed hydra
  8851 | D:9      | Reached skill level 9 in Dodging
  8946 | D:9      | Received a gift from Okawaru
  8974 | D:9      | Reached XP level 11. HP: 77/77 MP: 11/11
  9079 | D:9      | Found a sparkling altar of Nemelex Xobeh.
  9499 | D:10     | Entered Level 10 of the Dungeon
  9538 | D:9      | Reached skill level 10 in Dodging
  9899 | D:10     | Found a staircase to the Lair.
  9978 | D:8      | Bought an uncursed amulet of faith for 480 gold pieces
 10087 | D:10     | Found a roughly hewn altar of Beogh.
 10176 | D:10     | Reached ***** piety under Okawaru
 10827 | D:10     | Received a gift from Okawaru
 11343 | D:10     | Received a gift from Okawaru
 11542 | Lair:1   | Entered Level 1 of the Lair of Beasts
 11565 | D:10     | Reached skill level 11 in Dodging
 12633 | Lair:1   | Received a gift from Okawaru
 13106 | Lair:1   | Reached skill level 10 in Fighting
 13122 | Lair:1   | Reached XP level 12. HP: 87/87 MP: 12/12
 13640 | Lair:2   | Found a stormy altar of Qazlal.
 13915 | Lair:2   | Noticed a seven-headed hydra
 13920 | Lair:2   | Killed a seven-headed hydra
 14205 | Lair:2   | Received a gift from Okawaru
 14205 | Lair:2   | Reached skill level 12 in Dodging
 14274 | Lair:2   | Found a staircase to the Shoals.
 14801 | Lair:3   | Reached skill level 1 in Long Blades
 14815 | Lair:3   | Found a staircase to the Snake Pit.
 15033 | Lair:3   | Reached ****** piety under Okawaru
 15033 | Lair:3   | Received a gift from Okawaru
 15633 | Lair:4   | Noticed an eight-headed hydra
 15643 | Lair:4   | Killed an eight-headed hydra
 15643 | Lair:4   | Received a gift from Okawaru
 15644 | Lair:4   | Got an ancient scale mail {god gift}
 15645 | Lair:4   | Identified the +6 scale mail "Diuviguidd" {rElec rCorr
                  | Str-2} (Okawaru gifted it to you on level 4 of the Lair of
                  | Beasts)
 15646 | Lair:4   | Noticed Urug
 15662 | Lair:4   | Killed Urug
 15844 | Lair:4   | Noticed Snorg
 15858 | Lair:4   | Killed Snorg
 16161 | Lair:4   | Reached XP level 13. HP: 73/95 MP: 13/13
 16193 | Lair:4   | Got a spiked ring mail
 16234 | Lair:4   | Identified the +5 ring mail of the Evil One {-Cast MP+9
                  | Slay+5} (You found it on level 4 of the Lair of Beasts)
 16510 | Lair:5   | Reached skill level 13 in Dodging
 16532 | Lair:5   | Reached skill level 5 in Long Blades
 16737 | Lair:5   | Found a viscous altar of Jiyva.
 16739 | Lair:5   | Found a staircase to the Slime Pits.
 17053 | Lair:5   | Got a bloodstained leather armour
 17069 | Lair:5   | Received a gift from Okawaru
 17143 | Lair:5   | Received a gift from Okawaru
 17357 | Lair:6   | Entered Level 6 of the Lair of Beasts
 17358 | Lair:6   | Found a runed translucent gate.
 17359 | Lair:6   | Found a runed translucent gate.
 17359 | Lair:6   | Noticed a 12-headed hydra
 17359 | Lair:6   | Noticed a 14-headed hydra
 17360 | Lair:6   | Found a runed translucent gate.
 17360 | Lair:6   | Noticed MolotovDodgeball's ghost (journeyman TrAs)
 17361 | Lair:6   | Noticed a 13-headed hydra
 17435 | Lair:6   | Received a gift from Okawaru
 17526 | Lair:6   | Received a gift from Okawaru
 17636 | Lair:6   | Identified the +2 leather armour of the Earth {MR+ Int+4}
                  | (You found it on level 5 of the Lair of Beasts)
 17776 | Lair:6   | Noticed an eight-headed hydra
 17780 | Lair:6   | Killed an eight-headed hydra
 17848 | Lair:6   | Noticed a seven-headed hydra
 17855 | Lair:6   | Killed a seven-headed hydra
 18268 | Lair:6   | Received a gift from Okawaru
 18268 | Lair:6   | Reached skill level 14 in Dodging
 18340 | Lair:6   | Received a gift from Okawaru
 18375 | Lair:6   | Reached XP level 14. HP: 43/103 MP: 14/14
 18379 | Lair:6   | Got a spiked buckler {god gift}
 18390 | Lair:6   | Identified the +2 buckler of Vlad {rElec Str+2} (Okawaru
                  | gifted it to you on level 6 of the Lair of Beasts)
 19714 | Lair:6   | Found a runed translucent door.
 19818 | Lair:6   | Received a gift from Okawaru
 20456 | Lair:6   | Reached skill level 15 in Dodging
 20906 | D:8      | Bought an uncursed ring of see invisible for 180 gold
                  | pieces
 21390 | D:10     | Found a roughly hewn altar of Beogh.
 21538 | Orc:1    | Entered Level 1 of the Orcish Mines
 21731 | Orc:2    | Entered Level 2 of the Orcish Mines
 21748 | Orc:1    | Received a gift from Okawaru
 21751 | Orc:1    | Got an encrusted hunting sling {god gift}
 22586 | Orc:1    | Paralysed by an ogre mage for 7 turns
 22604 | Orc:1    | Received a gift from Okawaru
 22610 | Orc:1    | Reached XP level 15. HP: 32/111 MP: 13/15
 23136 | Orc:2    | Received a gift from Okawaru
 23136 | Orc:2    | Reached skill level 10 in Long Blades
 23274 | Orc:2    | Found Urebb's Book Boutique.
 23283 | Orc:2    | Found Poclomot's Food Shop.
 23296 | Orc:2    | Found Zuataquh's Distillery.
 23376 | Orc:2    | Found Voommut's Assorted Antiques.
 23549 | Orc:2    | Found a staircase to the Elven Halls.
 23971 | Orc:1    | Noticed an orc warlord
 24487 | Orc:2    | Killed an orc warlord
 25211 | Orc:1    | Noticed a stone giant
 25223 | Orc:1    | Killed a stone giant
 25223 | Orc:1    | Received a gift from Okawaru
 25729 | D:11     | Reached skill level 16 in Dodging
 25738 | D:11     | Received a gift from Okawaru
 26078 | D:11     | Identified the ring "Xefur" {rC+++ Str-5 Dex+5} (You found
                  | it on level 11 of the Dungeon)
 27059 | D:12     | Found a white marble altar of Elyvilon.
 27749 | D:13     | Found a gate to the Vaults.
 27763 | D:13     | Identified the +10 hunting sling of the Tired Souls
                  | {freeze, rN+} (Okawaru gifted it to you on level 1 of the
                  | Orcish Mines)
 27943 | D:13     | Reached XP level 16. HP: 108/119 MP: 16/16
 28094 | D:13     | Received a gift from Okawaru
 28138 | D:14     | Found a basalt altar of Yredelemnul.
 28993 | D:14     | Found a hide-covered altar of Uskayaw.
 29014 | D:14     | Got a shimmering chain mail
 29377 | D:15     | Entered Level 15 of the Dungeon
 29644 | D:15     | Reached skill level 17 in Dodging
 30059 | D:15     | Received a gift from Okawaru
 30711 | D:15     | Noticed a storm dragon
 30712 | D:15     | a storm dragon changed into an entropy weaver
 30713 | D:15     | Found a staircase to the Depths.
 30732 | D:15     | Paralysed by a floating eye for 3 turns
 30734 | D:15     | HP: 6/120 [ettin (glowing shapeshifter) (5)]
 30739 | D:15     | HP: 1/120 [disintegration (30)]
 30740 | D:15     | Paralysed by a floating eye for 2 turns
 30791 | D:15     | Received a gift from Okawaru
 31739 | Snake:1  | Entered Level 1 of the Snake Pit
 31774 | Lair:3   | Received a gift from Okawaru
 32104 | Lair:3   | Reached skill level 15 in Fighting
 32301 | Snake:1  | HP: 5/122 [mana viper (9)]
 32305 | Snake:1  | HP: 2/122 [anaconda (1)]
 32321 | Snake:1  | Reached XP level 17. HP: 16/127 MP: 1/17
 32734 | Snake:1  | Found a shattered altar of Ashenzari.
 33525 | Lair:3   | HP: 6/127 [naga warrior/+0 short sword (1)]
 34025 | Lair:3   | Identified the +4 chain mail "Qais" {Dex+3} (You found it
                  | on level 14 of the Dungeon)
 34189 | Snake:1  | Noticed Donald
 34209 | Snake:1  | Killed Donald
 34835 | Snake:1  | HP: 5/127 [salamander/+0 halberd (5)]
 34836 | Snake:1  | Slain by a salamander

Skill      XL: |  1  2  3  4  5  6  7  8  9 10 11 12 13 14 15 16 17 |
---------------+----------------------------------------------------+-----
Slings         | 6 7 8 9 10 11 12 13 14 | 14.0
Fighting       | 2 3 4 5 6 8 10 11 12 13 14 15 | 15.3
Dodging        | 3 4 6 7 9 11 12 14 15 16 17 | 17.7
Shields        | 4 5 |  5.8
Long Blades    | 4 7 9 11 12 13 | 13.2
Stealth        | |  1.1

Action                   |  1- 3 |  4- 6 |  7- 9 | 10-12 | 13-15 | 16-18 || total
-------------------------+-------+-------+-------+-------+-------+-------++-------
Melee: Short sword       |       |    20 |    28 |     8 |       |       ||    56
       Dagger            |       |       |       |    57 |       |       ||    57
       Scimitar          |       |       |       |    23 |    17 |   471 ||   511
 Fire: Hunting sling     |    65 |   249 |   418 |   680 |       |       ||  1412
       Fustibalus        |       |       |       |   269 |  1684 |   343 ||  2296
Invok: Heroism           |       |       |       |       |     6 |     6 ||    12
Evoke: Wand              |       |       |       |     5 |    12 |     2 ||    19
  Use: Scroll            |       |     2 |     5 |     9 |    12 |     5 ||    33
       Potion            |       |       |       |     2 |     2 |    13 ||    17
 Stab: Distracted        |       |       |       |       |       |     1 ||     1
       Sleeping          |       |       |       |       |       |     1 ||     1
  Eat: Chunk             |       |    11 |     5 |    13 |    27 |     8 ||    64
       Ration            |       |       |     1 |     4 |     2 |     4 ||    11
Armor: Leather armour    |     1 |       |       |       |       |       ||     1
       Ring mail         |       |    30 |    59 |    89 |   129 |    62 ||   369
Dodge: Dodged            |     7 |    92 |   149 |   269 |   884 |   447 ||  1848
Block: Buckler           |       |       |       |    88 |   387 |   223 ||   698
       Rpst.: Scimitar   |       |       |       |       |       |    96 ||    96
